 Dungeon Crawl Stone Soup version 0.29-a0-194-g6e3aafee17 (webtiles) character file.

Game seed: 11200411074081688618

6280 bande the Cleaver (level 10, -16/61 HPs)
             Began as a Gargoyle Fighter on Feb 22, 2022.
             Was a Follower of Okawaru.
             Demolished by a bog body (18 damage)
             ... on level 1 of the Lair of Beasts.
             The game lasted 00:21:09 (11369 turns).

bande the Cleaver (Gargoyle Fighter)               Turns: 11369, Time: 00:21:10

Health: -16/61     AC: 36    Str: 27    XL:     10   Next: 94%
Magic:  12/12      EV:  8    Int:  8    God:    Okawaru [*.....]
Gold:   549        SH:  7    Dex: 26    Spells: 9/9 levels left

rFire   . . .      SeeInvis .   o - +2 hand axe (venom)
rCold   . . .      Faith    .   c - +0 buckler
rNeg    + . .      Spirit   .   b - +13 chain mail of the Amoeba {-Cast Dex+7}
rPois   ∞          Reflect  .   l - +0 helmet
rElec   +          Harm     .   x - +2 cloak
rCorr   .          Rampage  .   (no gloves)
Will    .....      NoCast   +   (no boots)
Stlth   ..........              (no amulet)
HPRegen 0.20/turn               v - +6 ring of dexterity
MPRegen 0.13/turn               z - +6 ring of strength

@: no status effects
A: sickness immunity, AC +7, negative energy resistance 1, electricity
resistance, torment resistance 1, petrification resistance
a: Renounce Religion, Heroism


You were on level 1 of the Lair of Beasts.
You worshipped Okawaru.
Okawaru was aware of your devotion.
You visited 3 branches of the dungeon, and saw 10 of its levels.
You also visited: Bailey.

You collected 549 gold pieces.

Inventory:

Hand Weapons
 a - a +0 war axe
 k - a +0 war axe
 o - a +2 hand axe of venom (weapon)
 t - a +1 flail of protection
Missiles
 h - 3 throwing nets (quivered)
Armour
 b - the +13 chain mail of the Amoeba (worn) {-Cast Dex+7}
   (You found it on level 4 of the Dungeon)

   Dex:       It affects your dexterity (+7).
   -Cast:     It prevents spellcasting.
 c - a +0 buckler (worn)
 l - a +0 helmet (worn)
 n - a +3 chain mail of willpower
 x - a +2 cloak (worn)
Jewellery
 v - a +6 ring of dexterity (left hand)
 z - a +6 ring of strength (right hand)
Wands
 m - a wand of flame (5)
 q - a wand of mindburst (12)
 r - a wand of iceblast (7)
Scrolls
 f - 2 scrolls of blinking
 i - a scroll of teleportation
 j - a scroll of fear
 u - a scroll of amnesia
 y - a scroll of identify
Potions
 d - 2 potions of mutation {unknown}
 e - 2 potions of cancellation
 p - a potion of invisibility {unknown}
 w - a potion of curing
Miscellaneous
 s - a phantom mirror


   Skills:
 + Level 6.8 Fighting
 + Level 9.4 Axes
 + Level 8.5 Armour
 - Level 0.1 Dodging
 + Level 6.9 Shields
 * Level 3.2 Invocations
 * Level 5.8 Evocations


You had 9 spell levels left.
You didn't know any spells.
Your spell library contained the following spells:

 Spells                   Type           Power      Damage    Failure   Level
 Pain                     Necr           0%         1d4       95%         1
 Corpse Rot               Necr/Air       0%         N/A       99%         2
 Poisonous Vapours        Pois/Air       0%         N/A       99%         2
 Confusing Touch          Hex            0%         N/A       100%        3
 Vampiric Draining        Necr           0%         2d6       100%        3
 Yara's Violent Unravell  Hex/Tmut       0%         3d3       100%        5
 Enfeeble                 Hex            0%         N/A       100%        7
 Animate Skeleton         Necr           Unusable   N/A       N/A         1

Dungeon Overview and Level Annotations

Branches:
Dungeon (8/15)             Temple (1/1) D:6            Lair (1/6) D:8
 Bailey (visited)

Altars:
Cheibriados
Dithmenos
Elyvilon
Fedhas
Gozag
Hepliaklqana
Kikubaaqudgha
Makhleb
Nemelex Xobeh
Okawaru
Qazlal
Ru
Sif Muna
Trog
Uskayaw
Vehumet
Wu Jian
Xom
Yredelemnul
Zin
The Shining One

Shops:
D:2 [?   D:3 :

Annotations:
D:6 2 transporters


Innate Abilities, Weirdness & Mutations

You are immune to sickness and miasma.
Your stone body is resilient. (AC +7)
You are immune to poison.
You resist negative energy. (rN+)
You are resistant to electric shocks. (rElec)
You are resistant to unholy torment.
You are immune to petrification.


Message History

The death yak looks as sick as possible!
The death yak is almost dead.
Unknown command.
You completely miss the death yak.
The death yak is almost dead.
The death yak gores you but does no damage.
You slash the death yak!
You kill the death yak!
Okawaru accepts your kill.
Your Invocations skill increases to level 3!
There is a staircase to the Lair here.
You climb downwards.
Welcome back to the Lair of Beasts!
You feel an oppressive heat about you.
There is an entrance to a volcano on this level.
Hurry and find it before the entrance collapses!
There is a staircase back to the Dungeon here.
You hit the ice devil but do no damage.
The ice devil hits you but does no damage.
The ice devil hits you. The ice devil freezes you!!
* * * LOW HITPOINT WARNING * * *
The ice devil hits you but does no damage.
The bog body closely misses you.
There is a staircase back to the Dungeon here.
You hit the ice devil.
The ice devil is poisoned.
The ice devil is lightly wounded.
You closely miss the bog body.
The ice devil hits you but does no damage.
The bog body touches you but does no damage.
Unknown command.
The bog body points at you and mumbles some strange words.
You resist with significant effort.
The ice devil hits you but does no damage.
You slash the bog body!
The bog body is lightly damaged.
You hit the ice devil but do no damage. You hit the bog body.
The bog body is moderately damaged.
You hit the ice devil but do no damage. The bog body touches you.
* * * LOW HITPOINT WARNING * * *
The bog body freezes you!!
You die...

#### ##≈≈####
##≈≈≈≈≈≈##
##≈≈...P≈≈###
#≈≈......≈≈≈###
#≈≈...÷#...≈≈≈#.
#≈≈4n###.†......
#≈≈<@# ####.....
#≈≈≈..# ##...
##≈≈≈## .. #####
#


You could see an ice devil (very poisoned) and a bog body.

Vanquished Creatures
  A death yak (D:8)
  2 cane toads (Lair:1)
  A komodo dragon (Lair:1)
  A polar bear (Lair:1)
  Edmund (D:5)
  3 water moccasins
  The ghost of circuitbored the Stinger, an amateur GrVM of Okawaru (D:5)
  A black bear (D:5)
  A hornet zombie (D:6)
  2 sky beasts
  4 orc warriors
  An ice beast (D:6)
  2 ogres
  3 centaurs
  4 wolves (Bailey)
  A phantom (D:5)
  2 scorpions (D:6)
  6 bullfrogs
  10 gnoll sergeants
  2 water moccasin zombies (D:5)
  A wyvern skeleton (D:5)
  A water moccasin skeleton (D:5)
  5 wights (D:7)
  A howler monkey (D:6)
  A centaur zombie (D:5)
  A jelly (D:5)
  3 hounds
  6 gnoll shamans (Bailey)
  3 orc priests
  4 iguanas
  2 centaur skeletons
  Ijyb (D:3)
  An orc wizard (D:8)
  A howler monkey zombie (D:8)
  17 gnolls
  4 adders
  A shadow imp (D:8)
  An ufetubus (Temple)
  An adder skeleton (D:5)
  A worm (D:2)
  2 dart slugs
  17 orcs
  8 bats
  5 endoplasms
  4 giant cockroaches
  10 goblins
  8 hobgoblins
  14 jackals
  2 quokkas
  3 ball pythons
  2 frilled lizards
  12 kobolds
  10 rats
202 creatures vanquished.

Vanquished Creatures (others)
  A fungus (Lair:1)
  3 plants (Lair:1)
4 creatures vanquished.

Grand Total: 206 creatures vanquished

Notes
Turn   | Place    | Note
-------+----------+-------------------------------------------
     0 | D:1      | bande the Gargoyle Fighter began the quest for the Orb.
     0 | D:1      | Reached XP level 1. HP: 14/14 MP: 1/1
   381 | D:1      | Reached XP level 2. HP: 18/19 MP: 2/2
   483 | D:1      | Reached skill level 2 in Axes
   576 | D:1      | Reached XP level 3. HP: 19/23 MP: 3/3
  1084 | D:1      | Reached XP level 4. HP: 4/29 MP: 4/4
  1464 | D:2      | Reached skill level 3 in Axes
  1740 | D:2      | Found a glowing silver altar of Zin.
  1830 | D:2      | Found Rachasch's Antique Armour Emporium.
  1923 | D:2      | Reached XP level 5. HP: 29/33 MP: 5/5
  2032 | D:2      | Found Sessuj's Magic Scroll Shop.
  2637 | D:3      | Found a faded altar of an unknown god.
  2719 | D:3      | Noticed Ijyb
  2734 | D:3      | Killed Ijyb
  2735 | D:3      | Reached skill level 4 in Axes
  2982 | D:3      | Found Ytseom's Book Shoppe.
  3333 | D:4      | Identified the +13 chain mail of the Amoeba {-Cast Dex+7}
  3404 | D:4      | Found a sacrificial altar of Ru.
  3471 | D:4      | Found a white marble altar of Elyvilon.
  3618 | D:4      | Noticed a sky beast
  3633 | D:4      | Killed a sky beast
  3634 | D:4      | Reached XP level 6. HP: 31/38 MP: 6/6
  4026 | D:5      | Entered Level 5 of the Dungeon
  4148 | D:5      | Reached skill level 5 in Axes
  4148 | D:5      | Reached skill level 1 in Evocations
  4148 | D:5      | Reached XP level 7. HP: 20/43 MP: 7/7
  4417 | D:5      | Found a runed translucent gate.
  4419 | D:5      | Found a runed translucent gate.
  4419 | D:5      | Found a runed translucent gate.
  4422 | D:5      | Noticed circuitbored's ghost (amateur GrVM)
  4877 | D:5      | Found a glowing silver altar of Zin.
  4961 | D:5      | Reached skill level 5 in Armour
  5092 | D:5      | Noticed Edmund
  5110 | D:5      | Killed Edmund
  5111 | D:5      | Reached XP level 8. HP: 36/48 MP: 8/8
  5723 | D:5      | Killed circuitbored's ghost
  5724 | D:5      | Reached skill level 6 in Axes
  6039 | D:6      | Found a staircase to the Ecumenical Temple.
  6052 | Temple   | Entered the Ecumenical Temple
  6354 | D:6      | Reached skill level 5 in Shields
  6829 | D:6      | Reached skill level 5 in Fighting
  6902 | D:6      | Found a transporter.
  6995 | D:6      | Reached XP level 9. HP: 52/54 MP: 9/9
  7010 | D:6      | Found a hide-covered altar of Uskayaw.
  7047 | D:6      | Reached skill level 7 in Axes
  7065 | D:6      | Noticed a kobold demonologist
  7182 | D:6      | Found a transporter.
  7456 | D:6      | Noticed a kobold demonologist
  8040 | D:7      | Found a flagged portal.
  8089 | Bailey   | Entered a bailey
  8738 | Bailey   | Reached skill level 8 in Axes
  9237 | Bailey   | Reached XP level 10. HP: 47/60 MP: 10/10
  9475 | Bailey   | Reached skill level 5 in Evocations
  9898 | D:7      | Found an iron altar of Okawaru.
  9901 | D:7      | Became a worshipper of Warmaster Okawaru
 10093 | D:7      | Found a burning altar of Makhleb.
 10093 | D:7      | Found an ancient bone altar of Kikubaaqudgha.
 10206 | D:8      | Found a shimmering altar of Xom.
 10319 | D:8      | Found a staircase to the Lair.
 10425 | D:8      | Reached skill level 1 in Invocations
 10476 | D:8      | Found a bloodstained altar of Trog.
 10822 | D:8      | Found a basalt altar of Yredelemnul.
 11073 | Lair:1   | Entered Level 1 of the Lair of Beasts
 11088 | Lair:1   | Reached * piety under Okawaru
 11098 | Lair:1   | Noticed a cane toad
 11100 | Lair:1   | Noticed a cane toad
 11112 | Lair:1   | Reached skill level 9 in Axes
 11113 | Lair:1   | Noticed a death yak
 11115 | Lair:1   | Killed a cane toad
 11119 | Lair:1   | Killed a cane toad
 11339 | Lair:1   | Noticed a bog body
 11358 | D:8      | Killed a death yak
 11369 | Lair:1   | HP: 2/61 [bog body (6)]
 11369 | Lair:1   | Demolished by a bog body

Illustrated notes

Levels and vault maps discovered:
D:1:      dpeg_arrival_arbitrary_b, layout_basic
D:2:      layout_basic, serial_shops, shop, nicolae_shop_crystal, basic_altar,
          minmay_liquid_box, minmay_tetromino_l4
D:3:      layout_rooms, serial_shops, nicolae_shop_hallway_plus,
          hellmonk_ecumenical_altar_leap_of_faith, uniq_ijyb
D:4:      layout_basic, old_standard_altar, mainiacjoe_overflow_24_doors
D:5:      layout_loops_ring, zin_treasury, gammafunk_ghost_necromancy,
          uniq_edmund
D:6:      gammafunk_wand_slinger, layout_basic, nicolae_uskayaw_dance_hall,
          minmay_temple_entry_mist
D:7:      layout_loops_ring, amethyst_overflow_temple_binary,
          lemuel_doored_altar, enter_bailey_5, wad_floor_pattern_untrapped
D:8:      layout_basic, mainiacjoe_overflow_six_doors_small,
          mainiacjoe_overflow_alcove_4, xom_teletrap_fun, lair_entry_dummy,
          st_stairs_4
Temple:   minmay_temple_curvy_loop
Lair:1:   dreamdust_isle_of_ice, layout_cave_pods,
          nicolae_volcano_entry_hallway, cheibrodos_lair_caveside_slide

Skill      XL: |  1  2  3  4  5  6  7  8  9 10 |
---------------+-------------------------------+-----
Axes           | 2 3 4 5 6 8 9 |  9.4
Fighting       | 4 5 6 |  6.8
Armour         | 4 5 6 7 8 |  8.5
Shields        | 4 5 6 |  6.9
Evocations     | 1 2 3 4 5 |  5.8
Invocations    | 3 |  3.2
Dodging        | |  0.1

Action                   |  1- 3 |  4- 6 |  7- 9 | 10-12 || total
-------------------------+-------+-------+-------+-------++-------
Melee: War axe           |    85 |   208 |    62 |       ||   355
       Hand axe          |       |       |   355 |   156 ||   511
  Use: Scroll            |     2 |     4 |     5 |       ||    11
       Potion            |       |     4 |     4 |     2 ||    10
Armor: Scale mail        |    82 |    92 |       |       ||   174
       Chain mail        |       |    26 |   365 |   132 ||   523
Dodge: Dodged            |    62 |    87 |   140 |    58 ||   347
Block: Buckler           |    30 |    43 |   142 |    70 ||   285

Table legend: (Time is in decaauts)
 A = Elapsed time spent in this place.
 B = Non-inter-level travel time spent in this place.
 C = Inter-level travel time spent in this place.
 D = Time resting spent in this place.
 E = Time spent auto-exploring this place.
 F = Levels seen in this place.
 G = Mean time per level.
                   A        B        C        D        E       F      G
               +--------+--------+--------+--------+--------+-----+--------+
         Total |  11480 |  11366 |    114 |   3690 |   5160 |  11 | 1043.6 |
       Dungeon |   9394 |   9280 |    114 |   2527 |   4709 |   8 | 1174.2 |
        Temple |    251 |    251 |      0 |      0 |    213 |   1 |  251.0 |
          Lair |     69 |     69 |      0 |      0 |      1 |   1 |   69.0 |
        Bailey |   1764 |   1764 |      0 |   1163 |    237 |   1 | 1764.0 |
               +--------+--------+--------+--------+--------+-----+--------+

Top non-repeatable levels by time:
     D:5: 1804 daAuts
  Bailey: 1764 daAuts
     D:1: 1463 daAuts
     D:6: 1298 daAuts
     D:8: 1095 daAuts
     D:4: 1047 daAuts
     D:2: 995 daAuts
     D:7: 928 daAuts
     D:3: 762 daAuts
  Temple: 251 daAuts
  Lair:1: 69 daAuts
